 Dungeon Crawl Stone Soup version 0.21-a0-630-g344d351 (webtiles) character file.

59 Lanoc the Magician (level 3, -2/26 HPs)
             Began as a Draconian Wizard on Dec 25, 2017.
             Was an Initiate of Yredelemnul.
             Killed by divine providence
             ... invoked by an orc priest
              (8 damage)
             ... on level 3 of the Dungeon.
             The game lasted 00:06:24 (2121 turns).

Lanoc the Magician (Draconian Wizard)               Turns: 2121, Time: 00:06:25

Health: -2/26      AC:  5    Str:  9    XL:     3   Next: 78%
Magic:  3/8        EV: 12    Int: 19    God:    Yredelemnul [......]
Gold:   81         SH:  0    Dex:  9    Spells: 4/9 levels left

rFire    . . .     SeeInvis .   m - +0 battleaxe
rCold    . . .     Gourm    .   (shield currently unavailable)
rNeg     . . .     Faith    .   (armour unavailable)
rPois    .         Spirit   .   a - +0 hat
rElec    .         Reflect  .   (no cloak)
rCorr    .         Harm     .   (no gloves)
MR       .....                  (no boots)
Stlth    ++........             (no amulet)
HPRegen  0.08/turn              (no ring)
MPRegen  0.11/turn              (no ring)

@: no status effects
A: unfitting armour, cold-blooded, AC +5
a: Renounce Religion


You were on level 3 of the Dungeon.
You worshipped Yredelemnul.
Yredelemnul was noncommittal.
You were not hungry.

You visited 1 branch of the dungeon, and saw 3 of its levels.

You collected 81 gold pieces.

Inventory:

Hand Weapons
 m - a +0 battleaxe (weapon)
Missiles
 e - 47 bolts
Armour
 a - a +0 hat (worn)
Scrolls
 d - a scroll of remove curse {unknown}
 f - 4 scrolls of immolation {unknown}
 g - a scroll of magic mapping {unknown}
 i - a scroll of enchant weapon {unknown}
 j - 2 scrolls of identify {unknown}
 l - 3 scrolls of fog {unknown}
 n - 3 scrolls of blinking {unknown}
 p - a scroll of enchant armour {unknown}
Potions
 h - a potion of degeneration {unknown}
 k - a potion of resistance {unknown}
 o - a potion of lignification {unknown}
Books
 b - a book of Minor Magic

   Spells                             Type                      Level
   a - Magic Dart                     Conjuration                  1
   b - Blink                          Translocation                2
   c - Call Imp                       Summoning                    2
   d - Slow                           Hexes                        2
   e - Conjure Flame                  Conjuration/Fire             3
   f - Mephitic Cloud                 Conjuration/Poison/Air       3
Comestibles
 c - 8 rations
 q - 2 chunks of flesh


   Skills:
 + Level 2.5 Dodging
 - Level 1.7 Stealth
 + Level 3.5 Spellcasting
 + Level 2.2 Conjurations
 - Level 1.0 Summonings
 - Level 1.0 Translocations


You had 4 spell levels left.
You knew the following spells:

 Your Spells              Type           Power        Failure   Level  Hunger
a - Magic Dart            Conj           ##..         6%          1    None
b - Call Imp              Summ           #.......     14%         2    ##.....
c - Blink                 Tloc           N/A          14%         2    ##.....


Dungeon Overview and Level Annotations

Branches:
Dungeon (3/15)

Altars:
Cheibriados
Fedhas
Kikubaaqudgha
Nemelex Xobeh
Okawaru
Qazlal
Yredelemnul
The Shining One


Innate Abilities, Weirdness & Mutations

Your plain brown scales are hard. (AC +5)
You cannot fit into any form of body armour.
You are cold-blooded and may be slowed by cold attacks.


Message History

Confirm with . or Enter, or press ? or * to list all spells.
A beastly little devil appears in a puff of flame.
The orc priest barely misses your crimson imp.
The orc priest hits your crimson imp with a great sword!
Your crimson imp dies!
You barely miss the orc.
Your crimson imp blinks!
The orc hits you with a mace.
Unknown command.
Unknown command.
You closely miss the orc. The orc closely misses you.
You closely miss the orc. The orc hits you with a mace.
Your crimson imp blinks!
Unknown command.
You closely miss the orc. The orc hits you with a mace!
* * * LOW HITPOINT WARNING * * *
The orc priest mumbles some strange prayers to Beogh against you.
Beogh smites you!
You die...
Your body rises from the dead as a mindless zombie.

##.### ..... .####### #.....
#.... .##_._8####.#### ....
.#⌠...._#.......
....#.###..###....###
#...!.#_...._#.......
#...o.###..#####..##.
###..#o##_....##....##.
....#@####..###....##.
#..#5##_....####..##.
#####..#§####..###.......
#.......(.#_....⌠###..###
#......)####8..8####.....
#.###..)..............###
####.###...###...#.#........
#.........5...............##
.###.........#..######......


You could see an orc priest, an orc, a friendly iron imp and a friendly crimson
imp.

Vanquished Creatures
  2 dart slugs (D:1)
  An orc (D:3)
  2 giant cockroaches
  A goblin (D:2)
  4 hobgoblins
  3 jackals (D:1)
  A quokka (D:2)
  5 bats
  3 frilled lizards
  A kobold (D:3)
  2 rats
25 creatures vanquished.

Vanquished Creatures (collateral kills)
  An orc wizard (D:3)
  An adder (D:2)
  A worm (D:2)
  A leopard gecko (D:2)
  An orc (D:3)
  A rat (D:2)
6 creatures vanquished.

Grand Total: 31 creatures vanquished

Notes
Turn   | Place    | Note
-------+----------+-------------------------------------------
     0 | D:1      | Lanoc the Draconian Wizard began the quest for the Orb.
     0 | D:1      | Reached XP level 1. HP: 14/14 MP: 4/4
   330 | D:1      | Reached XP level 2. HP: 8/20 MP: 0/6
   344 | D:1      | HP: 1/20 [jackal (2)]
   656 | D:1      | Learned a level 2 spell: Call Imp
   659 | D:1      | Learned a level 2 spell: Blink
  1172 | D:2      | Reached XP level 3. HP: 26/26 MP: 5/7
  1959 | D:3      | Found a snail-covered altar of Cheibriados.
  1960 | D:3      | Found an iron altar of Okawaru.
  1967 | D:3      | Found a sparkling altar of Nemelex Xobeh.
  1970 | D:3      | Found a basalt altar of Yredelemnul.
  1970 | D:3      | Found an ancient bone altar of Kikubaaqudgha.
  1971 | D:3      | Found a stormy altar of Qazlal.
  1972 | D:3      | Found a glowing golden altar of the Shining One.
  1973 | D:3      | Found a blossoming altar of Fedhas.
  1989 | D:3      | Became a worshipper of Yredelemnul the Dark
  2121 | D:3      | Killed from afar by an orc priest

Vault maps used:
D:1:      lightli_arrival_isolated_outpost
D:3:      kennysheep_goblin_castle, minitemple, dk_xom_monty_hall

Skill      XL: |  1  2  3 |
---------------+----------+-----
Dodging        | 2 |  2.5
Conjurations   | 2 |  2.2
Stealth        | |  1.7
Spellcasting   | |  3.5
Summonings     | |  1.0
Translocations | |  1.0

Action                   || total
-------------------------++-------
Melee: Unarmed           ||    92
       Tailslap          ||     7
       Battleaxe         ||    21
 Cast: Magic Dart        ||    48
       Call Imp          ||     9
  Use: Potion            ||     1
 Stab: Sleeping          ||     1
  Eat: Chunk             ||     4
Armor: Skin              ||    39
Dodge: Dodged            ||    85

Table legend:
 A = Spawn XP
 B = Non-spawn XP
 C = Spawn XP percentage of total XP
 D = Spawn monster count
 E = Non-spawn monster count
 F = Spawn count percentage of total count
 G = Total turns spent on level
                    A         B        C        D         E        F      G
               +---------+---------+-------+---------+---------+-------+---------
         Total |       0 |      85 |   0.0 |       0 |      31 |   0.0 |  2121
               +---------+---------+-------+---------+---------+-------+---------
           D:1 |       0 |      25 |   0.0 |       0 |      13 |   0.0 |  1031
           D:2 |       0 |      28 |   0.0 |       0 |      13 |   0.0 |   802
           D:3 |       0 |      32 |   0.0 |       0 |       5 |   0.0 |   288
               +---------+---------+-------+---------+---------+-------+---------
